 Dungeon Crawl Stone Soup version 0.25.0-9-g26727b657a (webtiles) character file.

Game seed: 13115707213992968747

330 MisterFreud the Chopper (level 6, 0/56 HPs)
             Began as a Hill Orc Fighter on June 20, 2020.
             Killed by nerve-wracking pain
             ... invoked by an orc priest
              (11 damage)
             ... on level 4 of the Dungeon.
             The game lasted 00:03:47 (3249 turns).

MisterFreud the Chopper (Hill Orc Fighter)          Turns: 3249, Time: 00:03:48

Health: 0/56       AC:  7    Str: 19 (21) XL:     6   Next: 51%
Magic:  6/6        EV:  7    Int:  6 (8)  God:
Gold:   165        SH:  9    Dex:  8 (10) Spells: 5/5 levels left

rFire    . . .     SeeInvis .   a - +0 war axe
rCold    . . .     Gourm    .   c - +0 kite shield
rNeg     . . .     Faith    .   b - +0 scale mail
rPois    .         Spirit   .   (no helmet)
rElec    .         Reflect  .   (no cloak)
rCorr    .         Harm     .   (no gloves)
MR       .....                  (no boots)
Stlth    +.........             (no amulet)
HPRegen  0.18/turn              m - ring of stealth
MPRegen  0.10/turn              (no ring)

@: brilliant, stab
A: no striking features
a: Convert to Beogh


You were on level 4 of the Dungeon.
You were not hungry.

You visited 1 branch of the dungeon, and saw 4 of its levels.

You collected 165 gold pieces.

Inventory:

Hand Weapons
 a - a +0 war axe (weapon)
Armour
 b - a +0 scale mail (worn)
 c - a +0 kite shield (worn)
Jewellery
 m - a ring of stealth (left hand)
Scrolls
 d - a scroll of enchant armour {unknown}
 e - 4 scrolls of identify {unknown}
 h - a scroll of enchant weapon {unknown}
 i - 2 scrolls of fear
 j - 2 scrolls of teleportation {unknown}
 k - 2 scrolls of amnesia {unknown}
 o - a scroll of remove curse {unknown}
Potions
 l - a potion of might
 n - a potion of brilliance
Comestibles
 f - 3 rations
 r - a chunk of flesh


   Skills:
 - Level 5.0 Fighting
 + Level 5.1 Axes
 + Level 4.8 Armour
 + Level 4.8 Shields


You had 5 spell levels left.
You didn't know any spells.
Your spell library was empty.

Dungeon Overview and Level Annotations

Branches:
Dungeon (4/15)
 Temple: D:4-7

Altars:


Message History

The orc closely misses you. You block the orc priest's attack.
Okay, then.
Unknown command.
As you read the scroll labeled GUS JACIGOLLYE, it crumbles to dust.
You assume a fearsome visage.
The orc looks frightened!
The orc priest looks frightened!
It was a scroll of fear.
You start resting.
You start to feel less resistant.
You start resting.
Your resistance to elements expires.
You start resting.
The orc priest is too close now for your liking.
An orc priest is nearby!
You block the orc priest's attack.
You hit the orc priest.
The orc priest is heavily wounded.
The orc priest threatens, "By the altar or by the axe, you will meet Beogh!"
The orc priest mumbles some strange prayers to Beogh against you.
Pain shoots through your body!
You die...

########
#....@.#
#.####o#
#.# #.#
#.####.#
####....#.#
#.........#
#.##......#
#.##.##.#.#
#.##.##.#.#


You could see an orc priest.

Vanquished Creatures
  A howler monkey (D:4)
  2 orc wizards (D:3)
  2 orc priests
  Natasha (twice) (D:2)
  2 adders
  An ooze (D:2)
  3 dart slugs
  2 worms
  2 leopard geckos (D:1)
  10 orcs
  4 bats
  2 giant cockroaches
  7 goblins
  9 hobgoblins
  11 jackals
  2 quokkas (D:2)
  6 frilled lizards
  10 kobolds
  7 rats
85 creatures vanquished.

Notes
Turn   | Place    | Note
-------+----------+-------------------------------------------
     0 | D:1      | MisterFreud the Hill Orc Fighter began the quest for the
                  | Orb.
     0 | D:1      | Reached XP level 1. HP: 19/19 MP: 1/1
    63 | D:1      | Reached XP level 2. HP: 27/27 MP: 2/2
   400 | D:1      | Reached XP level 3. HP: 30/33 MP: 3/3
   741 | D:2      | Noticed Natasha
   763 | D:2      | Killed Natasha
   763 | D:2      | Reached XP level 4. HP: 7/40 MP: 4/4
  1212 | D:2      | Noticed Natasha
  1216 | D:2      | Killed Natasha
  1635 | D:2      | Reached XP level 5. HP: 46/47 MP: 5/5
  2429 | D:3      | Reached skill level 5 in Fighting
  2437 | D:3      | Reached XP level 6. HP: 34/56 MP: 6/6
  3196 | D:4      | Reached skill level 5 in Axes
  3199 | D:4      | HP: 2/56 [orc priest/divine providence (12)]
  3249 | D:4      | Killed from afar by an orc priest

Illustrated notes

Levels and vault maps discovered:
D:1:      lightli_arrival_maybe_door_vault, layout_basic,
          chequers_serial_rivers_small_b
D:2:      minmay_diamond_boxcup, layout_rooms, first_ration, uniq_natasha
D:3:      layout_basic
D:4:      layout_basic, kennysheep_little_box, uniq_pikel

Skill      XL: |  1  2  3  4  5  6 |
---------------+-------------------+-----
Axes           | 3 4 5 |  5.1
Fighting       | 4 5 |  5.0
Armour         | 4 |  4.8
Shields        | 4 |  4.8

Action                   |  1- 3 |  4- 6 || total
-------------------------+-------+-------++-------
Melee: War axe           |    84 |   181 ||   265
  Use: Potion            |     3 |     4 ||     7
       Scroll            |       |     1 ||     1
  Eat: Chunk             |       |     8 ||     8
Armor: Scale mail        |    42 |    80 ||   122
       Skin              |    16 |       ||    16
Dodge: Dodged            |    22 |    62 ||    84
Block: Kite shield       |    52 |    93 ||   145
